AoeStats
← [Massa] Edo

Arena

507197833Analyzed
2v2 RM · 15d ago on Sep 17, 2026· 45m 15s· 4 players
Game mode
Random Map
Map size
Medium (4 player)
Population
200
Speed
Normal
Resources
Standard
Victory
Conquest
Starting age
Dark Age
Ending age
Imperial Age
RankedLock teamsTeams togetherTeam positionsShared explorationLock speedFull tech treeHidden civsTurbo modeCheats
Victory
Defeat
🇧🇷 Italians · Brazil
1458
+16
🇧🇷 Bengalis · Brazil
1423
+18
🇨🇱 Spanish · Chile
1512
-19
🇨🇱 Teutons · Chile
1421
-15
[Massa] Edo
8:24 Loom
10:44 Feudal Age
12:08 Double-Bit Axe
13:10 Fletching
15:35 Wheelbarrow
19:17 Castle Age
17:40 Horse Collar
18:54 Gold Mining
30:57 Imperial Age
29:13 Bow Saw
29:29 Heavy Plow
29:57 Bodkin Arrow
30:36 Ballistics
31:50 Bracer
33:23 Chemistry
34:03 Padded Archer Armor
34:13 Thumb Ring
35:09 Conscription
35:12 Leather Archer Armor
35:36 Hand Cart
36:28 Two-Man Saw
36:42 Ring Archer Armor
38:25 Scale Barding Armor
38:30 Forging
39:41 Chain Barding Armor
38:55 Light Cavalry
39:45 Bloodlines
39:35 Husbandry
42:22 Iron Casting
43:38 Plate Barding Armor
43:33 Hussar
45:06 Crop Rotation
44:27 Stone Mining
46:20 Blast Furnace
tg
11:05 Feudal Age
15:19 Castle Age
13:44 Horse Collar
14:51 Double-Bit Axe
15:34 Fletching
15:47 Padded Archer Armor
17:53 Crossbowman
20:03 Loom
20:28 Heavy Plow
20:39 Bow Saw
23:18 Town Watch
25:02 Wheelbarrow
28:13 Hand Cart
33:08 Imperial Age
31:22 Bodkin Arrow
32:33 Leather Archer Armor
34:09 Ballistics
33:51 Bracer
36:11 Two-Man Saw
39:19 Gold Mining
40:53 Ring Archer Armor
41:03 Husbandry
41:13 Bloodlines
41:05 Husbandry
41:22 Scale Barding Armor
42:31 Chemistry
41:31 Light Cavalry
45:28 Chain Barding Armor
AiM | Ogazjoker
10:59 Feudal Age
11:38 Loom
15:38 Castle Age
14:24 Double-Bit Axe
14:21 Horse Collar
21:05 Elite Skirmisher
21:52 Fletching
24:11 Bodkin Arrow
25:07 Padded Archer Armor
31:42 Wheelbarrow
31:27 Bow Saw
35:37 Imperial Age
35:59 Leather Archer Armor
36:55 Bracer
37:24 Ballistics
39:15 Chemistry
40:12 Ring Archer Armor
43:24 Masonry
45:04 Thumb Ring
AiM | Walter Quiver
6:31 Loom
8:50 Feudal Age
10:13 Fletching
14:32 Double-Bit Axe
16:18 Town Watch
18:09 Horse Collar
21:45 Wheelbarrow
24:53 Castle Age
23:13 Stone Mining
25:32 Bodkin Arrow
26:21 Bow Saw
26:26 Gold Mining
31:32 Imperial Age
30:04 Heavy Plow
33:14 Chemistry
33:29 Conscription
35:44 Masonry
36:34 Ballistics
37:41 Crenellations
39:58 Fortified Wall
Connection lost

Rejoining the realm…

Still unreachable

The connection could not be restored.

Session expired

The server has moved on; the page needs a fresh start.